 Dungeon Crawl Stone Soup version 0.23-a0-767-gdc19b93d68 (webtiles) character file.

12071 Majang the Thaumaturge (level 11, -4/65 HPs)
             Began as a Gargoyle Earth Elementalist on Jan 20, 2019.
             Was a Believer of Vehumet.
             Slain by a six-headed hydra (9 damage)
             ... on level 2 of the Lair of Beasts.
             The game lasted 00:59:05 (12989 turns).

Majang the Thaumaturge (GrEE)                      Turns: 12989, Time: 00:59:06

Health: -4/65      AC: 16    Str: 11    XL:     11   Next: 87%
Magic:  26/34      EV: 18    Int: 20    God:    Vehumet [**....]
Gold:   429        SH:  0    Dex: 10    Spells: 21/30 levels left

rFire    . . .     SeeInvis .   a - staff of conjuration
rCold    + . .     Gourm    .   (no shield)
rNeg     + . .     Faith    .   c - +0 robe
rPois    ∞         Spirit   .   v - +0 helmet
rElec    +         Reflect  .   (no cloak)
rCorr    .         Harm     .   h - +1 pair of gloves
MR       .....                  G - +2 pair of boots of the Mind {rPois MP+9 Stlth+}
Stlth    +++.......             E - amulet of regeneration
HPRegen  0.60/turn              m - ring of protection from cold
MPRegen  0.24/turn              y - +4 ring of evasion

@: about to teleport
A: negative energy resistance 1, electricity resistance, unbreathing,
petrification resistance, rot immunity, AC +8
a: Renounce Religion


You were on level 2 of the Lair of Beasts.
You worshipped Vehumet.
Vehumet was pleased with you.
You were hungry.

You visited 3 branches of the dungeon, and saw 11 of its levels.

You collected 429 gold pieces.

Inventory:

Hand Weapons
 b - a +1 quarterstaff
Missiles
 q - 194 stones (quivered)
Armour
 c - a +0 robe (worn)
 h - a +1 pair of gloves (worn)
 v - a +0 helmet (worn)
 G - the +2 pair of boots of the Mind (worn) {rPois MP+9 Stlth+}
   (You found it on level 8 of the Dungeon)

   It protects you from poison.
   It affects your magic capacity (+9).
   It makes you more stealthy.
Magical Staves
 a - an uncursed staff of conjuration (weapon)
Jewellery
 m - a ring of protection from cold (left hand)
 y - a +4 ring of evasion (right hand)
 E - an amulet of regeneration (around neck)
Wands
 f - a wand of polymorph (17)
 A - a wand of iceblast (21)
 D - a wand of paralysis (10)
Scrolls
 e - 4 scrolls of fog
 i - 2 scrolls of amnesia
 k - 4 scrolls of identify
 l - a scroll of immolation
 o - 3 scrolls of teleportation
 r - 7 scrolls of remove curse
 B - 5 scrolls of enchant weapon
 J - a scroll of magic mapping
Potions
 g - 4 potions of curing
 j - a potion of mutation {unknown}
 n - a potion of brilliance {unknown}
 p - 3 potions of lignification {unknown}
 s - a potion of flight
 t - a potion of might
 w - a potion of resistance {unknown}
 x - 2 potions of invisibility {unknown}
 z - a potion of haste {unknown}
 C - a potion of cancellation {unknown}
 F - a potion of berserk rage {unknown}
 I - a potion of heal wounds {unknown}
Comestibles
 d - 21 rations
 u - 6 chunks of flesh


   Skills:
 + Level 6.3 Fighting
 + Level 5.7 Staves
 + Level 5.2 Dodging
 - Level 2.1 Stealth
 * Level 10.0 Spellcasting
 + Level 7.8 Conjurations
   Level 0.7 Transmutations
 + Level 9.7 Earth Magic
 + Level 4.1 Evocations


You had 21 spell levels left.
You knew the following spells:

 Your Spells              Type           Power        Failure   Level  Hunger
a - Sandblast             Erth           #####.       1%          1    None
b - Stone Arrow           Conj/Erth      ######       1%          3    None
l - Lee's Rapid Deconstr  Erth           #####.....   3%          5    ####...

Your spell library contained the following spells:

 Spells                   Type           Power        Failure   Level  Hunger
 Freeze                   Ice            ##..         7%          1    None
 Shock                    Conj/Air       ####         1%          1    None
 Passwall                 Tmut/Erth      ####....     1%          2    None
 Static Discharge         Conj/Air       #####...     4%          3    None
 Animate Skeleton         Necr           N/A          7%          1    None
 Pain                     Necr           ##..         7%          1    None
 Petrify                  Tmut/Erth      ####....     9%          4    ##.....
 Swiftness                Chrm/Air       ##......     11%         2    None
 Regeneration             Chrm/Necr      ##........   21%         3    None
 Vampiric Draining        Necr           ##........   21%         3    None
 Lightning Bolt           Conj/Air       #####.....   36%         5    ####...
 Airstrike                Air            ##........   56%         4    ##.....
 Animate Dead             Necr           N/A          56%         4    ##.....


Dungeon Overview and Level Annotations

Branches:
Dungeon (8/15)             Temple (1/1) D:7            Lair (2/6) D:8
  Snake (0/4) Lair:2
  Swamp: Lair:2-4    Shoals: Lair:2-4

Altars:
Ashenzari
Cheibriados
Dithmenos
Elyvilon
Fedhas
Gozag
Kikubaaqudgha
Makhleb
Okawaru
Qazlal
Ru
Sif Muna
Trog
Uskayaw
Vehumet
Wu Jian
Xom
Yredelemnul
Zin
The Shining One


Innate Abilities, Weirdness & Mutations

You are resistant to torment.
Your stone body is resilient. (AC +8)
You are immune to poison.
You resist negative energy. (rN+)
You are resistant to electric shocks. (rElec)
You can survive without breathing.
You are immune to petrification.
You are immune to rotting.


Message History

Okay, then.
Evoke which item? (* to show all) (? for menu, Esc to quit)
That's the wrong kind of item! (Use * to select it.) Evoke which item? (* to show all) (? for menu, Esc to quit)
Okay, then.
Evoke which item? (* to show all) (? for menu, Esc to quit)
Aiming: Paralyse
Press: ? - help, Shift-Dir - straight line, f/p - six-headed hydra
Aim: a six-headed hydra (moderately wounded, chance to defeat MR: 24%)
The six-headed hydra resists with almost no effort.
The six-headed hydra closely misses you.
The six-headed hydra bites you but does no damage.
The six-headed hydra barely misses you.
The six-headed hydra completely misses you.
The six-headed hydra bites you but does no damage.
The six-headed hydra completely misses you.
As you read the scroll of teleportation, it crumbles to dust.
You feel strangely unstable.
The six-headed hydra barely misses you. x2
The six-headed hydra misses you. The six-headed hydra bites you!
You die...

#....# #......♣♣♣ ♣♣.P.
##..#####......♣ ♣....
#....##.#......# ♣♣♣§ ♣♣...
#P...#.........#♣ ♣... ♣♣....
##..............♣♣ ...♣♣♣♣.....
#................♣ ..≈≈≈≈♣♣....
####.##P#.##P...##♣♣≈≈≈≈≈≈≈♣♣.#.
##########...#♣♣≈D≈≈≈≈≈≈ ♣###
##.@♣♣...≈≈≈≈≈≈ ##.D♣♣..♣
##.....# ##.#.## #####


You could see a six-headed hydra.

Vanquished Creatures
  Gastronok (Lair:2)
  2 hydras (Lair:2)
  Nergalle (Lair:2)
  A necromancer (Lair:2)
  3 spiny frogs
  A black mamba (Lair:2)
  2 komodo dragons
  2 hippogriffs (Lair:1)
  5 blink frogs (Lair:1)
  3 yaks (Lair:2)
  2 hungry ghosts
  3 nagas (Lair:2)
  A swamp worm (Lair:2)
  2 water moccasins
  An orc warrior (D:7)
  A porcupine (Lair:1)
  A black bear (D:8)
  A necrophage (D:8)
  2 ice beasts
  A phantom (D:6)
  An eye of draining (D:8)
  2 ogres
  2 crocodiles
  A centaur (D:7)
  3 bullfrogs
  4 scorpions
  5 killer bees (D:8)
  3 electric eels (Lair:1)
  3 howler monkeys
  3 crimson imps
  4 hounds (D:8)
  3 bullfrog zombies
  4 jellies
  6 orc priests
  3 bullfrog skeletons
  7 iguanas
  8 orc wizards
  2 polar bear simulacra (Lair:2)
  8 worker ants
  2 yak simulacra (Lair:2)
  5 wolf simulacra (Lair:2)
  A hound zombie (D:8)
  11 adders
  A howler monkey skeleton (D:4)
  2 shadow imps
  9 oozes
  2 adder zombies
  An adder skeleton (D:4)
  A worm (D:3)
  5 dart slugs
  8 leopard geckos
  33 orcs
  5 ball pythons
  10 bats
  5 giant cockroaches
  12 goblins
  6 hobgoblins
  7 jackals
  13 kobolds
  3 quokkas
  4 frilled lizards (D:1)
  A quokka skeleton (D:4)
  12 rats
  2 river rat simulacra (Lair:2)
  A plant (D:3)
270 creatures vanquished.

Vanquished Creatures (others)
  A plant (D:8)
1 creature vanquished.

Grand Total: 271 creatures vanquished

Notes
Turn   | Place    | Note
-------+----------+-------------------------------------------
     0 | D:1      | Majang the Gargoyle Earth Elementalist began the quest for
                  | the Orb.
     0 | D:1      | Reached XP level 1. HP: 10/10 MP: 3/3
   112 | D:1      | Reached XP level 2. HP: 14/15 MP: 3/5
   634 | D:1      | Reached XP level 3. HP: 19/19 MP: 4/7
   698 | D:1      | Learned a level 3 spell: Stone Arrow
   859 | D:1      | Reached skill level 3 in Spellcasting
  1532 | D:2      | Reached skill level 1 in Conjurations
  1532 | D:2      | Reached XP level 4. HP: 13/24 MP: 3/8
  1703 | D:2      | Noticed a bullfrog
  1708 | D:2      | Killed a bullfrog
  1708 | D:2      | Reached XP level 5. HP: 19/28 MP: 5/10
  1715 | D:2      | Learned a level 5 spell: Lee's Rapid Deconstruction
  2114 | D:2      | Reached skill level 4 in Spellcasting
  2468 | D:2      | Found a shadowy altar of Dithmenos.
  2753 | D:2      | Reached skill level 5 in Earth Magic
  2932 | D:2      | Reached XP level 6. HP: 22/32 MP: 1/12
  3064 | D:2      | Found a deep blue altar of Sif Muna.
  4353 | D:3      | Found a stormy altar of Qazlal.
  4573 | D:4      | Reached skill level 5 in Spellcasting
  4662 | D:4      | Reached XP level 7. HP: 36/36 MP: 10/14
  5562 | D:4      | Found a snail-covered altar of Cheibriados.
  5632 | D:5      | Entered Level 5 of the Dungeon
  5842 | D:5      | Reached skill level 6 in Spellcasting
  5842 | D:5      | Reached XP level 8. HP: 41/41 MP: 7/17
  6135 | D:5      | Found an ancient bone altar of Kikubaaqudgha.
  6135 | D:5      | Found a bloodstained altar of Trog.
  6993 | D:6      | Reached skill level 1 in Fighting
  7081 | D:6      | Reached skill level 1 in Staves
  7481 | D:6      | Reached skill level 5 in Conjurations
  7958 | D:7      | Reached skill level 7 in Spellcasting
  7958 | D:7      | Reached XP level 9. HP: 47/49 MP: 12/19
  8529 | D:7      | Found a staircase to the Ecumenical Temple.
  8540 | Temple   | Entered the Ecumenical Temple
  8627 | Temple   | Became a worshipper of Vehumet
  8754 | D:7      | Found a shattered altar of Ashenzari.
  8852 | D:8      | Found a shimmering altar of Xom.
  9568 | D:8      | Reached * piety under Vehumet
  9568 | D:8      | Offered knowledge of Sting by Vehumet.
  9580 | D:8      | Reached skill level 8 in Spellcasting
  9581 | D:8      | Reached skill level 1 in Evocations
  9696 | D:8      | Got a pair of faintly humming boots
  9697 | D:8      | Identified the +2 pair of boots of the Mind {rPois MP+9
                  | Stlth+} (You found it on level 8 of the Dungeon)
  9806 | D:8      | Reached XP level 10. HP: 56/56 MP: 15/22
 10007 | D:8      | Found a staircase to the Lair.
 10237 | Lair:1   | Entered Level 1 of the Lair of Beasts
 10258 | Lair:1   | Noticed a spiny frog
 10264 | Lair:1   | Killed a spiny frog
 10447 | Lair:1   | Noticed a spiny frog
 10455 | Lair:1   | Killed a spiny frog
 10812 | Lair:1   | Reached skill level 5 in Fighting
 10958 | Lair:1   | Reached skill level 9 in Spellcasting
 11180 | Lair:1   | Found a blossoming altar of Fedhas.
 11320 | Lair:2   | Found a staircase to the Snake Pit.
 11496 | Lair:2   | Reached XP level 11. HP: 64/64 MP: 24/24
 11607 | Lair:2   | Noticed Nergalle
 11615 | Lair:2   | Killed Nergalle
 11615 | Lair:2   | Reached skill level 5 in Staves
 11764 | Lair:2   | Noticed Gastronok
 11988 | Lair:2   | Offered knowledge of Freeze by Vehumet.
 12035 | Lair:2   | Noticed a seven-headed hydra
 12144 | Lair:2   | Killed Gastronok
 12316 | Lair:2   | Noticed a necromancer
 12318 | Lair:2   | Killed a necromancer
 12318 | Lair:2   | Reached skill level 5 in Dodging
 12357 | Lair:2   | Reached ** piety under Vehumet
 12474 | Lair:2   | Noticed an eight-headed hydra
 12479 | Lair:2   | Killed an eight-headed hydra
 12899 | Lair:2   | Killed a seven-headed hydra
 12969 | Lair:2   | Noticed a six-headed hydra
 12978 | Lair:2   | Reached skill level 10 in Spellcasting
 12986 | Lair:2   | HP: 3/65 [six-headed hydra (6)]
 12989 | Lair:2   | Slain by a six-headed hydra

Vault maps used:
D:1:      lightli_iron_boxes, st_stairs_1
D:2:      overflow_temple_1_default, serial_forest,
          infiniplex_forest_clump_long, infiniplex_forest_straight_2,
          infiniplex_forest_lined_room_, infiniplex_forest_lined_corner,
          infiniplex_forest_lined_3, infiniplex_forest_lined_room_2,
          infiniplex_forest_straight_3, led_sif_pool
D:3:      lemuel_coloured_pillars_altar, lexackson_kobold_supper
D:4:      marbit_many_paths, serial_bayou_pond_b
D:5:      gammafunk_temple_overflow_wave, first_ration
D:7:      overflow_temple_1_default, temple_fountains, corexii_hall_statues_x
D:8:      old_standard_altar, david_lair_shrubbed,
          hangedman_little_slice_of_home
Temple:   dshaligram_water_room_temple
Lair:1:   basic_altar, serial_bayou_lake_a
Lair:2:   palyth_hydra_swamp_entry, guppyfry_snake_entry_garden, minivault_26,
          eino_house_with_fridge, uniq_gastronok, uniq_nergalle

Skill      XL: |  1  2  3  4  5  6  7  8  9 10 11 |
---------------+----------------------------------+-----
Earth Magic    | 4 5 6 7 8 9 |  9.7
Spellcasting   | 3 4 5 6 7 8 9 10 | 10.0
Conjurations   | 1 2 3 4 5 6 7 |  7.8
Fighting       | 2 4 5 6 |  6.3
Staves         | 2 3 4 5 |  5.7
Dodging        | 2 3 4 5 |  5.2
Evocations     | 1 2 4 |  4.1
Stealth        | |  2.1
Transmutations | |  0.7

Action                   |  1- 3 |  4- 6 |  7- 9 | 10-12 || total
-------------------------+-------+-------+-------+-------++-------
Melee: Unarmed           |   112 |       |       |       ||   112
       Club              |    18 |    51 |       |       ||    69
       Flail             |       |   114 |       |       ||   114
       Whip              |       |    26 |       |       ||    26
       Quarterstaff      |       |       |    79 |       ||    79
       Staff             |       |       |     1 |     1 ||     2
Throw: Stone             |     1 |       |       |       ||     1
 Cast: Sandblast         |    30 |    34 |    81 |    40 ||   185
       Stone Arrow       |       |    19 |    67 |    84 ||   170
       Lee's Rapid Decon |       |     1 |    15 |    14 ||    30
Evoke: Wand              |       |       |     1 |     1 ||     2
  Use: Potion            |       |     1 |     2 |       ||     3
       Scroll            |       |       |    14 |     5 ||    19
 Stab: Sleeping          |     1 |     1 |     1 |       ||     3
  Eat: Chunk             |     2 |    12 |    22 |    13 ||    49
Armor: Robe              |    42 |    68 |    55 |    23 ||   188
Dodge: Dodged            |   105 |   122 |    84 |    40 ||   351

Table legend:
 A = Non-vault XP
 B = Vault XP
 C = Vault XP percentage of total XP
 D = Non-vault monster count
 E = Vault monster count
 F = Vault count percentage of total count
                 A         B        C        D         E       F
            +---------+---------+-------+---------+---------+-------
      Total |   10921 |    6324 |  36.7 |     224 |      45 |  16.7
            +---------+---------+-------+---------+---------+-------
        D:1 |      71 |       2 |   2.7 |      35 |       2 |   5.4
        D:2 |     256 |       0 |   0.0 |      26 |       0 |   0.0
        D:3 |     232 |      11 |   4.5 |      30 |       8 |  21.1
        D:4 |     402 |      75 |  15.7 |      23 |       5 |  17.9
        D:5 |     364 |       0 |   0.0 |      14 |       0 |   0.0
        D:6 |     837 |       0 |   0.0 |      19 |       0 |   0.0
        D:7 |     819 |       0 |   0.0 |      21 |       0 |   0.0
        D:8 |    1794 |     529 |  22.8 |      32 |       9 |  22.0
     Lair:1 |    3628 |       0 |   0.0 |      17 |       0 |   0.0
     Lair:2 |    2518 |    5707 |  69.4 |       7 |      21 |  75.0
            +---------+---------+-------+---------+---------+-------
